 Dungeon Crawl Stone Soup version 0.28-a0-1594-ga885d4b3d6 (webtiles) character file.

Game seed: 12552795049489129801

469 willcat the Skirmisher (level 7, -3/75 HPs)
             Began as an Ogre Fighter on Jan 20, 2022.
             Slain by Duvessa (19 damage)
             ... on level 4 of the Dungeon.
             The game lasted 00:03:49 (3905 turns).

willcat the Skirmisher (Ogre Fighter)               Turns: 3905, Time: 00:03:50

Health: -3/75      AC:  3    Str: 21    XL:     7   Next: 9%
Magic:  11/11      EV:  8    Int: 11    God:
Gold:   136        SH:  9    Dex:  8    Spells: 7/11 levels left

rFire   . . .      SeeInvis .   a - +0 trident
rCold   . . .      Faith    .   l - +2 kite shield
rNeg    . . .      Spirit   .   b - +0 robe
rPois   .          Reflect  .   (helmet restricted)
rElec   .          Harm     +   k - scarf {harm}
rCorr   .          Rampage  .   (gloves unavailable)
Will    .....                   (boots unavailable)
Stlth   +.........              (no amulet)
HPRegen 0.22/turn               (no ring)
MPRegen 0.12/turn               (no ring)

@: about to teleport, hasted, very quick
A: large, unfitting armour, tough skin 1
a: no special abilities


You were on level 4 of the Dungeon.
You visited 1 branch of the dungeon, and saw 4 of its levels.
You also visited: Sewer.

You collected 136 gold pieces.

Inventory:

Hand Weapons
 a - a +0 trident (weapon)
Armour
 b - a +0 robe (worn)
 k - a scarf of harm (worn)
 l - a +2 kite shield (worn)
Jewellery
 i - a ring of fire
Scrolls
 c - a scroll of holy word {unknown}
 e - a scroll of teleportation
 g - a scroll of silence {unknown}
 h - 2 scrolls of identify {unknown}
 j - a scroll of enchant weapon {unknown}
 n - 2 scrolls of noise {unknown}
 q - a scroll of brand weapon {unknown}
 u - a scroll of fear {unknown}
Potions
 d - 4 potions of might
 f - a potion of flight {unknown}
 m - 2 potions of haste
 o - a potion of curing
 p - a potion of mutation {unknown}
 r - a potion of ambrosia {unknown}
 s - a potion of attraction {unknown}
 t - a potion of cancellation {unknown}
 v - a potion of berserk rage {unknown}


   Skills:
 + Level 6.1 Fighting
 + Level 4.0 Polearms
 - Level 2.6 Dodging
 + Level 3.9 Shields
 + Level 2.8 Spellcasting
 + Level 2.1 Poison Magic


You had 7 spell levels left.
You knew the following spells:

 Your Spells              Type           Power      Damage    Failure   Level
a - Olgreb's Toxic Radia  Pois           6%         N/A       94%         4

Your spell library contained the following spells:

 Spells                   Type           Power      Damage    Failure   Level
 Sting                    Tmut/Pois      12%        1d3       36%         1
 Summon Small Mammal      Summ           4%         N/A       52%         1
 Poisonous Vapours        Pois/Air       6%         N/A       52%         2
 Call Canine Familiar     Summ           1%         N/A       88%         3
 Summon Guardian Golem    Hex/Summ       1%         N/A       88%         3
 Chain Lightning          Conj/Air       0%         2d1       100%        9
 Fire Storm               Conj/Fire      0%         6d1       100%        9
 Shatter                  Erth           0%         3d5*      100%        9


Dungeon Overview and Level Annotations

Branches:
Dungeon (4/15)              Sewer (visited)
 Temple: D:4-7

Altars:
Okawaru

Annotations:
D:4 Dowan, Duvessa


Innate Abilities, Weirdness & Mutations

You are too large for most types of armour.
You have tough skin. (AC +1)


Message History

You kill the gnoll shaman!
You block the gnoll's attack.
Unknown command.
The gnoll closely misses you. The gnoll hits you with a +0 whip.
You block the gnoll's attack. The gnoll hits you with a +0 whip!
The gnoll hits you with a +0 whip!
* * * LOW HITPOINT WARNING * * *
Really walk into that teleport trap?
You enter a teleport trap!
The teleport trap disappears.
Your surroundings suddenly seem different.
Duvessa, Dowan, an adder, a kobold, an orc and a howler monkey come into view.
Duvessa is wielding a +0 rapier of speed.
Found three items.
Found a stone staircase leading down.
Duvessa shouts!
Dowan shouts!
The adder hisses angrily.
The kobold shouts!
The howler monkey howls!
The howler monkey hoots and howls with incredible vigour!
You block Dowan's attack.
As you read the scroll labelled OFUYGGO DUBLE, it crumbles to dust.
You feel strangely unstable.
It was a scroll of teleportation.
Dowan points at you and mumbles some strange words.
The puff of flame hits you!
* * * LOW HITPOINT WARNING * * *
Unknown command.
It was a potion of haste.
You feel yourself speed up. The adder bites you.
* * * LOW HITPOINT WARNING * * *
You are lethally poisoned!
The adder poisons you! You block Dowan's attack. The orc barely misses you.
Duvessa gestures with her weapon.
Unknown command.
It was a potion of curing.
You feel better. The adder bites you.
* * * LOW HITPOINT WARNING * * *
You block the orc's attack. Dowan closely misses you.
The howler monkey hits you.
* * * LOW HITPOINT WARNING * * *
Unknown command.
You feel better.
Duvessa hits you with a +0 rapier of speed!
You die...

#..#######
#........#
#!.......#
#(?......#
#........#
#....K...#
#...Sho..#
#..@#
##ee# #...
#...#
#...#
#..>#
#.### #.


You could see Duvessa, Dowan, a howler monkey, an adder, an orc and a kobold.

Vanquished Creatures
  Menkaure (D:4)
  Pargi (Sewer)
  A water moccasin skeleton (D:4)
  A gnoll shaman (D:4)
  5 gnolls
  3 adders
  A river rat (D:3)
  2 worms (D:2)
  A dart slug (D:2)
  2 orcs
  6 endoplasms
  A giant cockroach (D:3)
  8 goblins
  4 hobgoblins
  13 jackals
  5 kobolds
  5 quokkas
  8 ball pythons
  3 bats
  6 rats
77 creatures vanquished.

Notes
Turn   | Place    | Note
-------+----------+-------------------------------------------
     0 | D:1      | willcat the Ogre Fighter began the quest for the Orb.
     0 | D:1      | Reached XP level 1. HP: 24/24 MP: 1/1
   118 | D:1      | Reached XP level 2. HP: 4/32 MP: 2/2
  1119 | D:2      | Reached XP level 3. HP: 35/40 MP: 3/3
  1360 | D:2      | Noticed a phantom
  1419 | D:2      | Reached skill level 5 in Fighting
  1449 | D:2      | Reached XP level 4. HP: 24/50 MP: 4/4
  1860 | D:2      | Learned a level 4 spell: Olgreb's Toxic Radiance
  2124 | D:3      | Found a glowing drain.
  2147 | D:3      | Reached skill level 1 in Spellcasting
  2163 | Sewer    | Entered a sewer
  2326 | Sewer    | Noticed Pargi
  2338 | Sewer    | Killed Pargi
  2339 | Sewer    | Reached skill level 1 in Poison Magic
  2339 | Sewer    | Reached XP level 5. HP: 43/57 MP: 5/7
  2508 | D:3      | Found an iron altar of Okawaru.
  2880 | D:2      | Reached XP level 6. HP: 50/66 MP: 7/9
  3596 | D:4      | Noticed Menkaure
  3613 | D:4      | Killed Menkaure
  3614 | D:4      | Reached skill level 6 in Fighting
  3879 | D:4      | Reached XP level 7. HP: 75/75 MP: 11/11
  3901 | D:4      | Noticed Duvessa
  3901 | D:4      | Noticed Dowan
  3903 | D:4      | HP: 3/75 [adder (2)]
  3905 | D:4      | Slain by Duvessa

Illustrated notes

Levels and vault maps discovered:
D:1:      lightli_arrival_farm, layout_loops_ring, minmay_bisected
D:2:      layout_basic, lightli_corner_chamber
D:3:      layout_basic, okawaru_trees_1, portal_sewer_entry_a, solitary_fountain
D:4:      layout_basic, uniq_menkaure, uniq_duvessa

Skill      XL: |  1  2  3  4  5  6 |
---------------+-------------------+-----
Shields        | 3 |  3.9
Fighting       | 5 6 |  6.1
Polearms       | 3 4 |  4.0
Spellcasting   | 1 2 |  2.8
Poison Magic   | 1 2 |  2.1
Dodging        | |  2.6

Action                   |  1- 3 |  4- 6 |  7- 9 || total
-------------------------+-------+-------+-------++-------
Melee: Trident           |   107 |   129 |     9 ||   245
Evoke: Wand              |       |     7 |       ||     7
  Use: Potion            |       |       |     3 ||     3
       Scroll            |       |       |     1 ||     1
 Stab: Paralysed         |       |    15 |       ||    15
       Sleeping          |       |     1 |       ||     1
Armor: Robe              |    22 |    32 |     1 ||    55
Dodge: Dodged            |    23 |    36 |     3 ||    62
Block: Kite shield       |    40 |    60 |     8 ||   108

Table legend: (Time is in decaauts)
 A = Elapsed time spent in this place.
 B = Non-inter-level travel time spent in this place.
 C = Inter-level travel time spent in this place.
 D = Time resting spent in this place.
 E = Time spent auto-exploring this place.
 F = Levels seen in this place.
 G = Mean time per level.
                   A        B        C        D        E       F      G
               +--------+--------+--------+--------+--------+-----+--------+
         Total |   4015 |   3819 |    196 |    771 |   2242 |   5 |  803.0 |
       Dungeon |   3717 |   3521 |    196 |    684 |   2084 |   4 |  929.2 |
         Sewer |    298 |    298 |      0 |     87 |    157 |   1 |  298.0 |
               +--------+--------+--------+--------+--------+-----+--------+

Top non-repeatable levels by time:
     D:2: 1154 daAuts
     D:1: 1095 daAuts
     D:3: 1043 daAuts
     D:4: 422 daAuts
   Sewer: 298 daAuts
